 Dungeon Crawl Stone Soup version 0.29-a0-1042-g87b1fcd763 (webtiles) character file.

Game seed: 11091272367359489624

38374 Wukaii the Alchemist (level 13, -10/60 HPs)
             Began as a Spriggan Enchanter on Aug 15, 2022.
             Was an Initiate of Jiyva.
             Mangled by a komodo dragon (37 damage)
             ... on level 5 of the Lair of Beasts.
             The game lasted 01:06:27 (18019 turns).

Wukaii the Alchemist (Spriggan Enchanter)          Turns: 18019, Time: 01:06:27

Health: -10/60     AC: 17    Str:  4    XL:     13   Next: 63%
Magic:  14/24      EV: 24    Int: 21    God:    Jiyva [......]
Gold:   503        SH:  0    Dex: 18    Spells: 10/26 levels left

rFire   + . .      SeeInvis +   A - +4 dagger of the Depths {vorpal, *Rage rCorr Dex+2 SInv}
rCold   . . .      Faith    .   y - orb {guile}
rNeg    . . .      Spirit   .   d - +2 robe {rF+}
rPois   .          Reflect  .   g - +2 hat
rElec   .          Harm     .   z - +2 cloak {Stlth+}
rCorr   +          Rampage  .   (gloves unavailable)
Will    .....      Rage     20% (boots unavailable)
Stlth   ++++++....              D - amulet of regeneration
HPRegen 1.00/turn               p - +4 ring of protection
MPRegen 0.19/turn               t - +4 ring of protection

@: confusing by touch, on berserk cooldown, slowed, quick
A: very small, no large weapons, unfitting armour, see invisible, speed 3
a: Renounce Religion


You were on level 5 of the Lair of Beasts.
You worshipped Jiyva.
Jiyva was noncommittal.
You visited 3 branches of the dungeon, and saw 16 of its levels.
You also visited: Bailey.

You collected 4001 gold pieces.
You spent 1015 gold pieces at shops.
You paid 2483 gold pieces to Gozag.

Inventory:

Hand Weapons
 w - the +11 flail of the Vestibule of Hell {vorpal, Fragile rF+++ Str+5}
   (You took it off a centaur on level 7 of the Dungeon)

   It inflicts extra damage upon your enemies.
   Str:       It affects your strength (+5).
   rF:        It renders you almost immune to fire.
   Fragile:   It will be destroyed if unequipped.
 A - the +4 dagger of the Depths (weapon) {vorpal, *Rage rCorr Dex+2 SInv}
   (You bought it in a shop on level 6 of the Dungeon)

   It inflicts extra damage upon your enemies.
   Dex:       It affects your dexterity (+2).
   SInv:      It lets you see invisible.
   *Rage:     It berserks you when you make melee attacks (+20% chance).
   rCorr:     It protects you from acid and corrosion.
 K - the +7 mace "Nonna" {spect, +Blink Dex-5 SInv Stlth+}
   (You found it in a bailey)

   When its wielder attacks, the weapon's spirit leaps out and strikes again.
   The spirit shares a part of any damage it takes with its wielder.
   Dex:       It affects your dexterity (-5).
   SInv:      It lets you see invisible.
   +Blink:    It lets you blink.
   Stlth:     It makes you more stealthy.
Missiles
 i - 36 boomerangs (quivered)
 u - 26 poisoned darts
 C - a curare-tipped dart
 G - 2 throwing nets
 H - 2 silver boomerangs
 Z - 3 boomerangs of dispersal
Armour
 d - a +2 robe of fire resistance (worn)
 g - a +2 hat (worn)
 y - an orb of guile (worn)
 z - a +2 cloak of stealth (worn)
 L - the +1 troll leather armour of Zablan {-Cast rF++ rN++ Regen+}
   (You took it off a kobold in a bailey)

   rF:        It greatly protects you from fire.
   rN:        It greatly protects you from negative energy.
   -Cast:     It prevents spellcasting.
   Regen:     It increases your rate of health regeneration.
 V - a +0 buckler
Jewellery
 p - a +4 ring of protection (left hand)
 t - a +4 ring of protection (right hand)
 x - a +4 ring of protection
 D - an amulet of regeneration (around neck)
 J - a ring of wizardry
 M - a ring of willpower
 O - a ring of flight
Wands
 B - a wand of flame (12)
 N - a wand of iceblast (7)
 R - a wand of charming (14)
 S - a wand of mindburst (7)
 U - a wand of quicksilver (16)
Scrolls
 a - a scroll of enchant weapon
 f - 7 scrolls of vulnerability
 j - 8 scrolls of teleportation
 n - a scroll of amnesia
 o - 6 scrolls of fog
 s - 2 scrolls of identify
 v - 3 scrolls of brand weapon
 Q - a scroll of silence
 T - 3 scrolls of fear
 Y - a scroll of blinking
Potions
 c - 2 potions of invisibility
 e - a potion of cancellation
 h - 2 potions of resistance
 k - a potion of haste
 l - 3 potions of mutation
 m - 6 potions of might
 q - a potion of lignification
 r - 5 potions of curing
 E - 5 potions of flight
 I - a potion of heal wounds
Miscellaneous
 F - a tin of tremorstones (2/2)
 P - a condenser vane
 X - a lightning rod (4/4)


   Skills:
 - Level 3.0 Fighting
 - Level 10.0 Short Blades
 - Level 10.0 Dodging
 - Level 10.0 Stealth
 - Level 4.0 Shields
 - Level 7.0 Spellcasting
 + Level 8.9 Hexes
 - Level 7.0 Translocations
 - Level 15.0 Transmutations
 - Level 10.0 Air Magic
 - Level 5.0 Evocations


You had 10 spell levels left.
You knew the following spells:

 Your Spells              Type           Power      Damage    Failure   Level
a - Ensorcelled Hibernat  Hex/Ice        52%        N/A       2%          2
b - Confusing Touch       Hex            45%        N/A       1%          3
c - Tukima's Dance        Hex            45%        N/A       1%          3
d - Dazzling Flash        Conj/Hex       52%        N/A       4%          3
e - Manifold Assault      Tloc           36%        N/A       14%         5

Your spell library contained the following spells:

 Spells                   Type           Power      Damage    Failure   Level
 Slow                     Hex            100%       N/A       1%          1
 Blink                    Tloc           72%        N/A       1%          2
 Wereblood                Tmut           63%        N/A       1%          2
 Portal Projectile        Hex/Tloc       80%        N/A       1%          3
 Blade Hands              Tmut           31%        N/A       1%          5
 Ignite Poison            Fire/Tmut/Pois 28%        N/A       3%          3
 Mephitic Cloud           Conj/Pois/Air  21%        N/A       7%          3
 Sublimation of Blood     Necr           7%         N/A       13%         2
 Stone Arrow              Conj/Erth      14%        3d7       26%         3
 Vampiric Draining        Necr           7%         2d6       26%         3
 Storm Form               Tmut/Air       28%        N/A       41%         7
 Freezing Cloud           Conj/Ice/Air   10%        6-21      54%         5
 Animate Armour           Summ/Erth      14%        N/A       65%         4
 Enfeeble                 Hex            22%        N/A       88%         7
 Summon Hydra             Summ           3%         N/A       100%        7
 Discord                  Hex            22%        N/A       100%        8
 Lehudib's Crystal Spear  Conj/Erth      3%         10d3      100%        8


Dungeon Overview and Level Annotations

Branches:
Dungeon (10/15)            Temple (1/1) D:5            Lair (5/5) D:8
  Swamp (0/4) Lair:3       Spider (0/4) Lair:3        Slime (0/5) Lair:4
 Bailey (visited)
    Orc: D:9-12

Altars:
Ashenzari
Cheibriados
Dithmenos
Elyvilon
Fedhas
Gozag
Hepliaklqana
Kikubaaqudgha
Makhleb
Nemelex Xobeh
Okawaru
Qazlal
Ru
Sif Muna
Trog
Uskayaw
Vehumet
Wu Jian
Xom
Yredelemnul
Zin
The Shining One
Jiyva

Shops:
D:1 [=   D:4 :   D:6 (   D:7 *   D:9 [[:   Lair:5 [:[

Annotations:
D:3 exclusion: downstairs
D:10 3 runed translucent doors, zurenarrh's ghost, journeyman HOFi


Innate Abilities, Weirdness & Mutations

You are very small and have problems with some larger weapons.
You are too small for most types of armour.
You have supernaturally acute eyesight. (SInv)
You cover ground extremely quickly. (Speed+++)


Message History

The sea snake is lightly wounded.
The blink frog completely misses you. The sea snake completely misses you.
The manticore bites you but does no damage.
The manticore barely misses you. The manticore closely misses you.
The blink frog completely misses you.
The blink frog blinks! x2
The blink frog completely misses you.
The blink frog blinks!
The manticore closely misses you. The manticore claws you!
The manticore claws you but does no damage.
There is a stone staircase leading up, spattered with blood here.
As you read the scroll of teleportation, it crumbles to dust.
You feel strangely unstable. The sea snake completely misses you.
The blink frog blinks! x2
The manticore bites you but does no damage.
The manticore barely misses you. x2; The manticore misses you.
The manticore completely misses you. The manticore misses you.
The blink frog blinks!
The blink frog completely misses you.
Your surroundings suddenly seem different.
A komodo dragon comes into view.
Gozag incites the komodo dragon against you.
The komodo dragon hisses angrily.
The komodo dragon goes berserk!
Found 5 stones, a chain mail and 18 gold pieces.
You hear a loud, deep croak!
You hear an angry hiss.
The water moccasin hisses angrily.
Casting: Confusing Touch (safe; 1% risk of failure)
Confirm with . or Enter, or press ? or * to list all spells.
Your hands begin to glow red.
You hear an angry hiss.
You completely miss the komodo dragon. The komodo dragon misses you.
The water moccasin bites you but does no damage.
The komodo dragon bites you but does no damage.
The blink frog blinks!
Casting: Confusing Touch (safe; 1% risk of failure)
Confirm with . or Enter, or press ? or * to list all spells.
Casting: Dazzling Flash (dangerous; 4% risk of failure)
Press: ? - help, Dir - look around, f - activate The water moccasin is dazzled.
The water moccasin barely misses you. The komodo dragon bites you!!!
Ouch! That really hurt!
You die...

***,,**,,,,,*,,,,,,,,,,,~~,~~~~*
*,,,**,,,,*#..........,*~~~~,~*
**,,*,,,,,.#...........**~*~~~*
*,,*,,,,,,...........~~,,,~~~*
**,,*,,,,,,,......F...~~~~~~~~*
*,,,**,*,***#..........**~*,~~*
**,,*,****###.........~**~~~~~~
**<,,**####....[......~~~~~~~~*
*,,,,,,......S@........~~P~~~,*
****,,,,,......§l.......~*#~~~~,*
*,,,,,,,,......(........~##~~####
***,,,,**..$.#...........~~P~~~~.
*,,****P..,#..........~~~~~~~~~
**,,*,*..,#...........~##~~##~~
*,,**,.,..#...........~~~~~#~~
*,,**,,...+........<.~~~....~.
**,,,*,,.#,....................


You could see a komodo dragon (berserk, incited), a blink frog and a water
moccasin (blind).

Vanquished Creatures
  A boulder beetle (D:7)
  4 hydras
  A two-headed ogre (D:10)
  A fire crab (Lair:3)
  A harpy (Lair:5)
  2 orc knights (Bailey)
  2 cyclopes (D:7)
  10 elephants
  Maurice (D:9)
  4 black mambas
  12 cane toads
  An unseen horror (D:9)
  5 rime drakes
  9 komodo dragons
  A wind drake (Lair:5)
  3 polar bears
  3 trolls
  11 blink frogs
  4 slime creatures (Lair:4)
  Sigmund (D:2)
  A shadow (D:8)
  3 wraiths
  3 wyverns
  42 yaks
  A basilisk (Lair:5)
  A redback (Lair:3)
  A steam dragon (D:9)
  2 acid dragons
  A dancing weapon (D:2)
  11 water moccasins
  7 orc warriors
  A black bear (Lair:2)
  5 ice beasts
  2 sky beasts (D:7)
  4 ogres (D:7)
  8 wolves
  2 centaurs
  4 phantoms
  4 kobold brigands
  8 bullfrogs
  3 gnoll sergeants
  3 scorpions
  A necrophage (D:6)
  8 wights
  12 killer bees (D:10)
  3 howler monkeys
  4 electric eels
  A hound (D:5)
  4 jellies
  6 orc priests
  5 gnoll boudas
  Terence (D:2)
  An iguana (D:4)
  7 orc wizards
  Robin (D:4)
  27 gnolls
  8 adders
  A shadow imp (D:7)
  2 white imps
  3 ufetubi
  3 worms
  23 orcs
  6 ball pythons
  5 endoplasms
  2 giant cockroaches
  17 goblins
  13 hobgoblins
  4 jackals
  14 kobolds
  A quokka (D:4)
  A bat (D:2)
  3 frilled lizards
  2 rats (D:2)
  A spectral hobgoblin (D:1)
384 creatures vanquished.

Vanquished Creatures (collateral kills)
  An orc warrior (Bailey)
  4 wights (D:8)
  An orc priest (D:3)
  Crazy Yiuf (D:5)
  3 gnolls
  2 orcs (D:8)
  2 hobgoblins (Bailey)
  A ball python (D:7)
  5 kobolds
20 creatures vanquished.

Vanquished Creatures (others)
  13 dancing weapons
  18 fungi
  43 plants
74 creatures vanquished.

Grand Total: 478 creatures vanquished

Notes
Turn   | Place    | Note
-------+----------+-------------------------------------------
     0 | D:1      | Wukaii the Spriggan Enchanter began the quest for the Orb.
     0 | D:1      | Reached XP level 1. HP: 9/9 MP: 5/5
  1069 | D:1      | Reached XP level 2. HP: 4/13 MP: 7/7
  1283 | D:1      | Found Daish's Jewellery Boutique.
  1312 | D:1      | Found Ahoputs's Antique Armour Boutique.
  1320 | D:1      | Learned a level 2 spell: Ensorcelled Hibernation
  1525 | D:1      | Found a faded altar of an unknown god.
  2024 | D:2      | Noticed Terence
  2237 | D:2      | Reached XP level 3. HP: 13/16 MP: 3/9
  2476 | D:2      | Learned a level 3 spell: Confusing Touch
  2480 | D:2      | Learned a level 3 spell: Tukima's Dance
  2499 | D:2      | Killed Terence
  2500 | D:2      | Reached skill level 5 in Hexes
  2500 | D:2      | Reached XP level 4. HP: 21/21 MP: 3/11
  2592 | D:2      | Noticed Sigmund
  2598 | D:2      | Killed Sigmund
  2599 | D:2      | Reached skill level 5 in Spellcasting
  2599 | D:2      | Reached XP level 5. HP: 23/24 MP: 5/13
  2767 | D:2      | You fall into a shaft and drop 1 floor!
  2944 | D:3      | Reached XP level 6. HP: 25/28 MP: 9/14
  3657 | D:3      | Found an ornate altar of the Wu Jian Council.
  3960 | D:4      | Noticed Robin
  3974 | D:3      | Learned a level 3 spell: Dazzling Flash
  4185 | D:4      | Killed Robin
  4539 | D:4      | Reached skill level 10 in Stealth
  4548 | D:4      | Reached XP level 7. HP: 27/32 MP: 2/15
  5282 | D:4      | Found Lanaolirax's Book Shoppe.
  5316 | D:5      | Entered Level 5 of the Dungeon
  5449 | D:5      | Identified the +1 pair of boots of the Sky {Int+4 Stlth+}
  5461 | D:5      | Found a staircase to the Ecumenical Temple.
  5473 | Temple   | Entered the Ecumenical Temple
  5725 | Temple   | Became a worshipper of Gozag Ym Sagoz the Greedy
  6052 | D:5      | Reached XP level 8. HP: 24/36 MP: 13/17
  6197 | D:5      | Reached skill level 5 in Short Blades
  6456 | D:5      | Found a runed translucent door.
  6457 | D:5      | Noticed Crazy Yiuf
  6465 | D:5      | Killed Crazy Yiuf
  6591 | D:6      | Found Sotiunicw's Antique Weapon Shop.
  6596 | D:6      | Bought a translucent dagger for 210 gold pieces
  6596 | D:6      | Identified the +4 dagger of the Depths {vorpal, *Rage rCorr
                  | Dex+2 SInv} (You bought it in a shop on level 6 of the
                  | Dungeon)
  6692 | D:6      | Noticed a komodo dragon
  6699 | D:6      | Killed a komodo dragon
  6700 | D:6      | Reached skill level 5 in Dodging
  7333 | D:7      | Noticed a cyclops
  7337 | D:7      | Noticed a cyclops
  7338 | D:7      | Killed a cyclops
  7339 | D:7      | Reached XP level 9. HP: 39/39 MP: 20/20
  7341 | D:7      | Killed a cyclops
  7347 | D:7      | Noticed a troll
  7350 | D:7      | Killed a troll
  7351 | D:7      | Reached skill level 10 in Short Blades
  7452 | D:7      | Identified the +9 dire flail "Lacertilianslayer" {drain,
                  | *Noise rN+ Will+}
  7481 | D:7      | Noticed a seven-headed hydra
  7516 | D:7      | Killed a seven-headed hydra
  7517 | D:7      | Reached skill level 4 in Transmutations
  7595 | D:7      | Noticed a troll
  7597 | D:7      | Killed a troll
  7598 | D:7      | Reached skill level 5 in Transmutations
  7598 | D:7      | Reached XP level 10. HP: 18/44 MP: 18/21
  7652 | D:7      | Reached skill level 6 in Transmutations
  7747 | D:7      | Identified the +11 flail of the Vestibule of Hell {vorpal,
                  | Fragile rF+++ Str+5}
  7892 | D:7      | Reached skill level 7 in Transmutations
  7896 | D:7      | Noticed a boulder beetle
  7990 | D:7      | Reached skill level 8 in Transmutations
  8064 | D:7      | Reached skill level 9 in Transmutations
  8138 | D:7      | Killed a boulder beetle
  8139 | D:7      | Reached skill level 10 in Transmutations
  8215 | D:7      | Found Zuuviuvvofu's Serpentskin Sales.
  8526 | D:7      | Reached skill level 1 in Translocations
  8565 | D:7      | Reached skill level 1 in Air Magic
  8797 | D:7      | Found a sparkling altar of Nemelex Xobeh.
  8935 | D:8      | Found a flagged portal.
  9158 | Bailey   | Entered a bailey
  9181 | Bailey   | Noticed an orc knight
  9184 | Bailey   | Noticed an orc knight
  9209 | Bailey   | Killed an orc knight
  9210 | Bailey   | Reached XP level 11. HP: 47/47 MP: 7/22
  9213 | Bailey   | Killed an orc knight
  9309 | Bailey   | Identified the +7 mace "Nonna" {spect, +Blink Dex-5 SInv
                  | Stlth+}
  9309 | Bailey   | Identified the +1 troll leather armour of Zablan {-Cast
                  | rF++ rN++ Regen+}
  9973 | D:8      | Reached skill level 5 in Translocations
 10259 | D:8      | Found a staircase to the Lair.
 10553 | D:8      | Found a glowing silver altar of Zin.
 10680 | D:9      | Reached skill level 10 in Dodging
 10910 | D:9      | Found Manesiobb's Armour Shop.
 10914 | D:9      | Found Regrihias's Book Shop.
 11204 | D:9      | Reached skill level 1 in Shields
 11340 | D:9      | Noticed Maurice
 11349 | D:9      | Killed Maurice
 11509 | D:9      | Found Fiufuegh's Armour Emporium.
 11689 | D:10     | Entered Level 10 of the Dungeon
 11764 | D:10     | Noticed a two-headed ogre
 11772 | D:10     | Killed a two-headed ogre
 11773 | D:10     | Reached skill level 5 in Air Magic
 11773 | D:10     | Found a radiant altar of Vehumet.
 12158 | D:10     | Found a burning altar of Makhleb.
 12244 | D:10     | Noticed a four-headed hydra
 12252 | D:10     | Noticed zurenarrh's ghost (journeyman HOFi)
 12257 | D:10     | Found a runed translucent gate.
 12257 | D:10     | Found a runed translucent gate.
 12267 | D:10     | Found a runed translucent gate.
 12267 | D:10     | Noticed a boulder beetle
 12481 | D:10     | Found a shimmering blue altar of Sif Muna.
 12484 | D:10     | Found a blossoming altar of Fedhas.
 12486 | D:10     | Found a white marble altar of Elyvilon.
 12628 | Lair:1   | Entered Level 1 of the Lair of Beasts
 12757 | Lair:1   | Learned a level 5 spell: Manifold Assault
 13107 | Lair:1   | Reached XP level 12. HP: 51/51 MP: 23/23
 14753 | Lair:2   | Found the +8 whip "Snakebite" {venom, curare, rPois}
 14942 | Lair:3   | Found a staircase to the Swamp.
 15142 | Lair:2   | Reached skill level 10 in Air Magic
 15150 | Lair:2   | Reached skill level 1 in Fighting
 15273 | Lair:3   | Reached skill level 1 in Evocations
 15559 | Lair:3   | Reached skill level 5 in Evocations
 15815 | Lair:3   | Found a hole to the Spider Nest.
 15883 | Lair:3   | Noticed an eight-headed hydra
 15917 | Lair:3   | Killed an eight-headed hydra
 15918 | Lair:3   | Reached XP level 13. HP: 60/60 MP: 20/24
 15977 | Lair:3   | Reached skill level 11 in Transmutations
 16581 | Lair:4   | Reached skill level 12 in Transmutations
 16602 | Lair:4   | Identified the +9 chain mail "Joutef" {Harm}
 16639 | Lair:4   | Found a viscous altar of Jiyva.
 16640 | Lair:4   | Found a staircase to the Slime Pits.
 16747 | Lair:4   | You fall into a shaft and drop 1 floor!
 16747 | Lair:5   | Entered Level 5 of the Lair of Beasts
 16925 | Lair:5   | Reached skill level 13 in Transmutations
 17078 | Lair:5   | Found a shadowy altar of Dithmenos.
 17135 | Lair:5   | Bought a glowing robe for 85 gold pieces
 17174 | Lair:5   | Bought Sif Muna's Parchment of Curses for 720 gold pieces
 17243 | Lair:5   | Reached skill level 14 in Transmutations
 17529 | Lair:4   | Reached skill level 15 in Transmutations
 17577 | Lair:4   | Fell from the grace of Gozag
 17577 | Lair:4   | Became a worshipper of Jiyva Jeepn the Shapeless
 18019 | Lair:5   | Mangled by a komodo dragon

Illustrated notes

Levels and vault maps discovered:
D:1:      sevenhm_arrival_forest_fort_large_2, layout_loops_ring,
          dreamdust_ecumenical_altar_drowned_temple, serial_shops, shop, shop
D:2:      layout_loops_ring, hangedman_feature_mirror, minmay_misc_feat_chi,
          minmay_split_cup_large, uniq_sigmund, uniq_terence
D:3:      layout_basic, amcnicky_altar_gilded
D:4:      layout_rooms, serial_shops, kennysheep_mini, grunt_decor_clamped,
          uniq_robin
D:5:      layout_loops_ring, minmay_temple_entry_statues_fountains,
          uniq_crazy_yiuf_cottage
D:6:      layout_loops_ring, serial_shops, nicolae_shop_crystal
D:7:      minmay_the_grid_octo_tiled_octocenter [minmay_the_grid_octo_empty,
          minmay_the_grid_octo_thin_diamonds, minmay_the_grid_octo_pinwheel,
          minmay_the_grid_octo_concentric, minmay_the_grid_octo_prize_star,
          minmay_the_grid_square_5x5_v, minmay_the_grid_square_5x5_n_small,
          minmay_the_grid_square_5x5_shrine2,
          minmay_the_grid_square_5x5_checkered_statues], layout_basic,
          nemelex_diamond_rough_becter, guppyfry_shop_venom
D:8:      layout_rooms, zin_statuary, dpeg_oklobed_lair, enter_bailey_6
D:9:      layout_loops_ring, serial_shops, shop, nicolae_shop_trees, shop,
          uniq_maurice
D:10:     layout_loops_ring, mainiacjoe_overflow_six_doors_small,
          mainiacjoe_overflow_small_starburst, nicolae_overflow_hidden_temple,
          gammafunk_ghost_split
Temple:   dpeg_chambers_temple
Lair:1:   layout_cave_shapes, nicolae_quartered_pool_little,
          serial_bayou_shore_b
Lair:2:   minmay_guarded_unrand_snakebite, layout_hall_layers
Lair:3:   layout_cave_pods, swamp_mist, spider_nest_entry_rubble,
          columned_hall_lemuel, chequers_serial_rivers_micro_d
Lair:4:   layout_hall_layers, minmay_slime_entry_pillars, minivault_11,
          serial_bayou_shore_a
Lair:5:   gammafunk_lair_ancient_temple, layout_regular_city, basic_altar

Skill      XL: |  1  2  3  4  5  6  7  8  9 10 11 12 13 |
---------------+----------------------------------------+-----
Spellcasting   | 3 4 5 7 |  7.0
Hexes          | 4 5 7 8 |  8.9
Stealth        | 7 10 | 10.0
Short Blades   | 4 8 10 | 10.0
Dodging        | 4 5 7 9 10 | 10.0
Transmutations | 5 10 15 | 15.0
Translocations | 3 7 |  7.0
Air Magic      | 2 6 10 | 10.0
Shields        | 4 |  4.0
Fighting       | 3 |  3.0
Evocations     | 5 |  5.0

Action                   |  1- 3 |  4- 6 |  7- 9 | 10-12 | 13-15 || total
-------------------------+-------+-------+-------+-------+-------++-------
Melee: Dagger            |    70 |   126 |   146 |   479 |   170 ||   991
       Punch             |       |     1 |       |       |       ||     1
       Mace              |       |       |       |    73 |       ||    73
Throw: Stone             |     7 |       |       |       |       ||     7
       Boomerang         |     4 |     3 |       |     9 |       ||    16
 Cast: Ensorcelled Hiber |    13 |    49 |    21 |   115 |    54 ||   252
       Confusing Touch   |     1 |     4 |    14 |    23 |     9 ||    51
       Tukima's Dance    |     1 |     2 |     1 |    35 |       ||    39
       Dazzling Flash    |       |     7 |     4 |    25 |     7 ||    43
       Manifold Assault  |       |       |       |     4 |       ||     4
Invok: Call Merchant     |       |       |       |       |     3 ||     3
  Use: Scroll            |     2 |     5 |     9 |     6 |     6 ||    28
       Potion            |       |       |       |     1 |       ||     1
 Stab: Sleeping          |    15 |    31 |    26 |    91 |    35 ||   198
       Confused          |     2 |     3 |    11 |    17 |     6 ||    39
       Invisible         |       |     7 |     2 |    14 |     5 ||    28
       Distracted        |       |       |     1 |     4 |       ||     5
       Held in net/web   |       |       |       |     1 |       ||     1
Armor: Robe              |     2 |    30 |    13 |    94 |    34 ||   173
Dodge: Dodged            |    37 |   131 |    68 |   447 |   155 ||   838

Table legend: (Time is in decaauts)
 A = Elapsed time spent in this place.
 B = Non-inter-level travel time spent in this place.
 C = Inter-level travel time spent in this place.
 D = Time resting spent in this place.
 E = Time spent auto-exploring this place.
 F = Levels seen in this place.
 G = Mean time per level.
                   A        B        C        D        E       F      G
               +--------+--------+--------+--------+--------+-----+--------+
         Total |  13954 |  13544 |    410 |      0 |   9915 |  17 |  820.8 |
       Dungeon |   9133 |   8862 |    271 |      0 |   6686 |  10 |  913.3 |
        Temple |    168 |    125 |     43 |      0 |    114 |   1 |  168.0 |
          Lair |   4055 |   3960 |     95 |      0 |   2792 |   5 |  811.0 |
        Bailey |    597 |    597 |      0 |      0 |    321 |   1 |  597.0 |
               +--------+--------+--------+--------+--------+-----+--------+

Top non-repeatable levels by time:
     D:1: 1732 daAuts
     D:7: 1366 daAuts
     D:3: 1073 daAuts
  Lair:2: 1030 daAuts
  Lair:3: 1002 daAuts
     D:4: 977 daAuts
     D:8: 866 daAuts
  Lair:1: 744 daAuts
     D:9: 705 daAuts
  Lair:5: 691 daAuts
    D:10: 673 daAuts
     D:5: 668 daAuts
  Bailey: 597 daAuts
  Lair:4: 585 daAuts
     D:2: 547 daAuts
